[Event "57th Biel Festival MTO 2024"]
[White "Aryan Chopra"]
[Black "Kolbus,Dietmar"]
[Site "Biel"]
[Round "1.1"]
[Annotator "TA"]
[Result "1-0"]
[Date "2024.07.15"]
[WhiteElo "2631"]
[BlackElo "2234"]
[PlyCount "71"]
[TimeControl "60"]

1. e4 c6 2. d4 d5 3. e5 Bf5 4. Nf3 e6 5. Be2 c5 6. Be3 Nd7 7. O-O c4 (7... Ne7 $11 )8. a4 ({Besser ist} 8. b3 $16 )a6 9. Nbd2 h6 {[%emt 0:6:19] Weiß steht etwas besser.} 10. Ne1 Ne7 11. f4 Qc7 12. c3 Rc8 13. g4 Bh7 14. Ng2 f5 15. g5 b5 16. axb5 axb5 17. h4 g6 18. h5 Qb7 {[%emt 0:9:16] Lässt Ra6 nicht zu} 19. Kf2 Bg7 20. Rh1 Nf8 21. Nf1 gxh5 {[%emt 0:1:53] [#]} 22. Ng3 $1 {[%emt 0:4:16] Weiß steht aktiver.} hxg5 (22... Bg6 {ist eine bessere Verteidigung.} 23. Nxh5 (23. Bxh5 hxg5 24. fxg5 Ra8 $16 )Bxh5 )23. Nxh5 $18 (23. Rxh5 g4 $11 )Kf7 24. fxg5 Bg6 {[%emt 0:1:26] Schwarz hat schwache schwarze Felder} 25. Nxg7 Kxg7 26. Rxh8 Kxh8 27. Qh1+ Kg8 28. Qh6 (28. Nf4 $18 Ra8 29. Rg1 )Ra8 $2 {[%emt 0:1:27][%mdl 8192] [#]} (28... f4 $16 29. Nxf4 Nf5 )29. Rh1 Kf7 $2 (29... Bh7 30. Bh5 f4 )30. Nf4 Qc6 31. Bh5 Qe8 32. Nxg6 (32. Qh8 $142 Bxh5 33. Nxh5 Qd7 34. Qg7+ Ke8 35. Nf6+ Kd8 36. Qxf8+ Kc7 37. Qxa8 (37. Nxd7 Rxf8 38. Nxf8 f4 $18 ))Nexg6 33. Bxg6+ Nxg6 34. Qh7+ Kf8 35. Rh6 Qf7 36. Qxg6 {[%emt 0:0:6] Gewichteter Fehlerwert: Weiß=0.11 (sehr präzise) /Schwarz=0.62.  Verlustzug:     	---       	Schwarz=1     Fehler:       	Weiß=2     	Schwarz=2     Ungenau:       	Weiß=1     	Schwarz=4     OK:         	Weiß=13    	Schwarz=8     Bester:       	Weiß=1     	---        Stark:        	Weiß=1     	---} 1-0

[Event "57th Biel Festival MTO 2024"]
[White "Papaux,Steve"]
[Black "Mendonca,Leon Luke"]
[Site "Biel"]
[Round "1.2"]
[Annotator "TA"]
[Result "0-1"]
[Date "2024.07.15"]
[WhiteElo "2188"]
[BlackElo "2634"]
[PlyCount "58"]
[TimeControl "60"]

1. Nf3 Nf6 2. g3 b5 3. Bg2 Bb7 4. d4 e6 5. O-O c5 6. c3 Nc6 7. Nbd2 d5 8. Qc2 Rc8 {[%emt 0:4:25] Weiss sollte ...cxd4 verhindern.} 9. dxc5 {[%emt 0:1:55] Die Stellung ist ausgeglichen.} Bxc5 10. e4 O-O 11. exd5 {[%emt 0:1:59] [#]} Nb4 12. Qd1 Nbxd5 (12... Nd3 {wäre vielleicht verwirrender.} 13. Qe2 Qxd5 14. Ne1 Nxc1 15. Rxc1 Qd7 )13. Nb3 Be7 14. Qe2 Qb6 ({Besser ist} 14... b4 $1 $15 15. cxb4 Nxb4 )15. Nbd4 $2 {[%emt 0:4:56] [#] Ein Fehler, der zur Niederlage führt.} (15. Rd1 $11 )Ba6 $1 $19 16. Rd1 b4 17. c4 Rxc4 (17... Bxc4 18. Qe1 $19 )18. Qe1 Bc5 19. Be3 (19. Bf1 {einziger Zug.} Rxd4 20. Rxd4 Bxd4 21. Bxa6 Bxf2+ 22. Qxf2 Qxa6 23. b3 )Nxe3 ({Schwächer ist} 19... Ng4 20. Bf1 $19 )20. fxe3 {[%emt 0:1:1] [#]} e5 $1 21. Nxe5 Rxd4 22. exd4 Bxd4+ {[%emt 0:0:8] Das Läuferpaar ist gut.} 23. Kh1 Re8 (23... Bxb2 24. Rab1 Bc3 25. Qxc3 bxc3 26. Rxb6 axb6 27. Bc6 $19 )24. a3 b3 {[%emt 0:2:57][%cal Od4b2] Zielt auf ...Bxb2! ab.} (24... Rxe5 $2 25. Qxb4 Bc5 (25... Bxb2 $2 26. Qxb6 axb6 27. Rab1 $19 )26. Qxb6 Bxb6 27. Rd6 $19 )25. Rxd4 $2 (25. Qb4 Bxe5 26. Qxb6 axb6 27. a4 )Qxd4 26. Qa5 Qxb2 27. Re1 Qf2 {[%emt 0:1:16] ...b2 wäre nun fies.} 28. Bc6 {[%emt 0:1:16] [#]} Ng4 $1 29. Bg2 {[%emt 0:2:42] [#]} (29. Nf3 Be2 )Bb7 $1 {[%emt 0:0:45][%mdl 512] Gewichteter Fehlerwert: Weiß=1.03/Schwarz=0.11 (sehr präzise) .  Verlustzug:     	Weiß=1     	---        Fehler:       	Weiß=2     	Schwarz=1     Ungenau:       	Weiß=2     	---        OK:         	Weiß=6     	Schwarz=9     Bester:       	---       	Schwarz=3     Stark:        	---       	Schwarz=1} 0-1

[Event "57th Biel Festival MTO 2024"]
[White "Nesterov,Arseniy"]
[Black "Gueci,Tea"]
[Site "Biel"]
[Round "1.3"]
[Annotator "TA"]
[Result "1-0"]
[Date "2024.07.15"]
[WhiteElo "2609"]
[BlackElo "2228"]
[PlyCount "81"]
[TimeControl "60"]

1. d4 d5 2. c4 e6 3. Nc3 Nf6 4. cxd5 exd5 5. Bg5 c6 6. e3 h6 7. Bh4 Be7 8. Bd3 O-O 9. Qc2 Re8 10. Nge2 a5 11. O-O Na6 12. a3 {[%emt 0:0:5] Wards off Nb4} Nc7 {[%emt 0:0:18] The position is equal.} 13. h3 Ne6 14. Bg3 Bd6 15. Rab1 Ng5 16. Bxd6 Qxd6 17. Nf4 b5 18. a4 b4 19. Nce2 Nge4 20. Bxe4 Nxe4 21. Rbc1 Bb7 22. Nd3 Ba6 23. Rfe1 b3 24. Qd1 Bxd3 25. Qxd3 Qb4 26. Nc3 Nd6 27. Re2 Re6 28. Kh2 Rb8 29. g3 f5 30. Nb1 (30. Qa6 $11 Rb6 31. Qa8+ Kh7 32. Qa7 )Qxa4 $17 31. Qa6 Ne4 (31... Nb5 $1 $17 {And now ...Rf6 would win.} 32. Nd2 Kh7 )32. f3 (32. Nc3 $15 {is superior.} Nxc3 (32... Qc4 33. Qxc4 dxc4 34. Nxe4 $14 )33. Rxc3 )Ng5 ({Black should play} 32... Nf6 $17 {...Rbe8 is the strong threat.} 33. Nc3 Qb4 )33. h4 $1 $11 Nf7 (33... c5 {looks sharper.} 34. Qa7 Nxf3+ 35. Kg2 Qe8 )34. Rc5 {[%emt 0:6:31][%cal Ob1c3] Repels Qb5} Qa1 $2 {[%emt 0:2:41] This move loses the game for Black.} (34... Qb4 $11 {and Black is okay.} )35. Rxa5 $18 Qxb1 36. Ra1 c5 37. Qa7 $1 (37. Qxe6 $2 {too greedy.} Qxa1 38. dxc5 Rd8 $19 )Qd3 38. Qxb8+ Kh7 {[%emt 0:0:3] [#]} 39. Rg2 {[%emt 0:0:23] aiming for Ra8.} cxd4 $2 {[%emt 0:0:29] [#]} (39... Qxe3 40. Qf4 Qxf4 41. gxf4 c4 )40. Ra8 $1 {[%emt 0:3:1] Threatening mate with h5.} ({Stronger than} 40. Ra7 Ne5 41. Qf8 Nxf3+ (41... Qxe3 42. Rxg7# )42. Kh3 Rg6 $11 (42... Rxe3 43. Rxg7# ))Rf6 41. h5 {[%emt 0:50:12] Weighted Error Value: White=0.14 (very precise) /Black=0.45.  Loses game:     	---       	Black=1      Mistake:       	White=2     	Black=3      Inaccurate:     	White=3     	Black=3      OK:         	White=8     	Black=11     Best:        	White=3     	Black=4      Strong:       	White=3     	---} 1-0

[Event "57th Biel Festival MTO 2024"]
[White "Mostertman,Milan"]
[Black "Ganguly,Surya Shekhar"]
[Site "Biel"]
[Round "1.4"]
[Annotator "TA"]
[Result "0-1"]
[Date "2024.07.15"]
[WhiteElo "2231"]
[BlackElo "2575"]
[PlyCount "60"]
[TimeControl "60"]

1. e4 e5 2. Nf3 Nc6 3. Bc4 Nf6 4. Ng5 d5 5. exd5 Na5 6. Bb5+ c6 7. dxc6 bxc6 8. Bd3 Nd5 9. Nf3 (9. Nxh7 $2 Nf4 10. Be4 f5 $19 )Bd6 10. O-O O-O {[%emt 0:4:25] The position is equal.} 11. Re1 f5 {[%emt 0:6:18] [#] And now ...e4 would win.} 12. Nxe5 {[%emt 0:0:23] Bf1 is the strong threat.} Qf6 $1 13. Nf3 {[%emt 0:0:20] aiming for Bf1.} g5 $1 14. c4 Nf4 15. Bf1 g4 16. d4 gxf3 17. Qxf3 Ne6 (17... Qxd4 $6 18. Rd1 $16 (18. c5 Bc7 $11 )(18. c5 Bc7 $11 ))18. Qc3 Nb7 $40 {[%emt 0:11:7][%mdl 128] Black attacks.} 19. c5 Bc7 20. Bc4 Na5 21. Bxe6+ (21. Bf1 $1 $11 Qxd4 (21... Nxd4 22. b4 $11 )22. b4 )Bxe6 $19 22. Nd2 Bd5 {[%emt 0:2:27] Strongly threatening ...Rae8. This pair of bishops is nice.} 23. b3 (23. Nf3 $142 )Kh8 24. Nf3 (24. Nf1 $142 )Rg8 {[%emt 0:0:39] Hoping for ...Rg7.} 25. g3 $2 (25. Bd2 )f4 {[%emt 0:1:29][%cal Rf4g3] [#] ...fxg3 would now be deadly.} 26. Ne5 Raf8 {[%emt 0:0:25] ( -> ...fxg3)} 27. Nd7 Qh4 (27... Qf5 $142 28. Nxf8 Qh3 (28... Rxf8 $2 29. Bxf4 Qh3 30. Re4 $19 )(28... Qxf8 29. Re5 $17 )29. Re4 Bxe4 (29... Rxf8 $2 30. Bxf4 Bxe4 31. f3 $19 )30. d5+ Rg7 31. f3 fxg3 (31... Bxd5 $2 32. Bb2 $18 )32. Ng6+ hxg6 33. hxg3 Qxg3+ (33... Bxd5 $2 34. Bb2 $19 )34. Kf1 Bxf3 35. Qb2 Be5 (35... cxd5 36. Bh6 Qh3+ 37. Ke1 Qxh6 38. Kf2 Qh2+ 39. Kxf3 Qxb2 40. Ke3 Re7+ 41. Kd3 Qe2+ 42. Kc3 Be5+ 43. Kb4 Nc6+ 44. Ka4 Qa6# )36. Qf2 Qh3+ 37. Ke1 Bc3+ (37... Bxa1 38. Bb2 Qh1+ 39. Qf1 Qxf1+ 40. Kxf1 Bxb2 41. Kf2 Bxd5 42. Kf1 Re7 43. Kf2 Bd4+ 44. Kg3 Rf7 45. Kh3 Rf5 46. Kh2 Bf2 47. Kh3 Bf3 48. Kh2 Rh5# )38. Bd2 Re7+ (38... Bxa1 39. Bb4 Qh1+ 40. Kd2 Qd1+ 41. Ke3 Re7+ 42. Kf4 Re4+ 43. Kg3 Be5+ 44. Kh3 Qh1+ 45. Qh2 Qxh2# )39. Qe3 Qh1+ (39... Rxe3+ $2 40. Kf2 Re2+ 41. Kg1 Qh1# )40. Kf2 Qg2+ 41. Ke1 Rxe3# )28. Nxf8 Qh3 29. Re4 Rxf8 (29... Bxe4 $142 30. d5+ Rg7 31. f3 fxg3 (31... Bxd5 $2 {too greedy.} 32. Bb2 $18 )32. Ng6+ Bxg6 (32... hxg6 {leads to mate.} 33. hxg3 Qxg3+ 34. Kf1 Bxf3 35. Qb2 Be5 36. Qf2 Qh3+ 37. Ke1 Bc3+ 38. Bd2 Re7+ 39. Qe3 Qg3+ 40. Kf1 Qg2+ 41. Ke1 Rxe3# )33. Qb2 Be4 (33... Qxh2+ $2 34. Qxh2 gxh2+ 35. Kh1 $19 )(33... gxh2+ 34. Kf2 Bg3+ 35. Ke3 h1=Q 36. Qxg7+ Kxg7 37. Bb2+ Kg8 38. Rxh1 Qg2 39. Rf1 Qxf1 40. dxc6 Qf2# )34. fxe4 Be5 (34... Qxh2+ 35. Qxh2 gxh2+ 36. Kf2 h1=Q 37. Bb2 Qh2+ 38. Ke3 Bf4+ 39. Kf3 Qg3+ 40. Ke2 Qg2+ 41. Ke1 Qxb2 42. Kf1 Qh2 43. dxc6 Rg1# )(34... gxh2+ 35. Kf2 Qg3+ 36. Ke2 h1=Q 37. Qxg7+ Qxg7 38. Be3 Qhg2+ 39. Kd3 Qxa1 40. d6 Qgf1+ 41. Kd2 Qfd1# )35. Bg5 Bxb2 36. Be3 Bc3 (36... Bxa1 37. hxg3 Qxg3+ 38. Kf1 Qxe3 39. dxc6 Rg1# )(36... gxh2+ 37. Kf2 Qg2+ 38. Ke1 h1=Q+ 39. Bg1 Qhxg1# )37. hxg3 Rxg3+ 38. Kf2 Qg2# )30. Bb2 f3 {[%emt 0:0:32] Weighted Error Value: White=1.06/Black=0.45.  Loses game:     	White=1     	---        Mistake:       	White=3     	---        Inaccurate:     	White=2     	---        OK:         	White=9     	Black=11     Best:        	---       	Black=2      Strong:       	---       	Black=2} ({Not} 30... Bxe4 31. d5+ )0-1

[Event "57th Biel Festival MTO 2024"]
[White "Sethuraman,S.P."]
[Black "Balabayeva,Xeniya"]
[Site "Biel"]
[Round "1.5"]
[Annotator "TA"]
[Result "1-0"]
[Date "2024.07.15"]
[WhiteElo "2587"]
[BlackElo "2246"]
[PlyCount "69"]
[TimeControl "60"]

1. e4 c6 2. d4 d5 3. e5 Bf5 4. Nf3 e6 5. Nbd2 Nd7 6. Be2 h6 7. O-O Ne7 8. Nb3 a5 9. a4 Bh7 {[%emt 0:1:53] White has an edge.} 10. Bd2 Nf5 11. Bd3 h5 (11... Bg6 $11 )12. g3 Be7 13. h3 O-O 14. g4 Nh6 15. Bxh7+ (15. Bxh6 $5 gxh6 16. gxh5 $11 )Kxh7 16. Kg2 Rh8 17. Qe1 b6 18. Nh2 (18. gxh5 Kg8 $11 )hxg4 19. hxg4 Nf8 20. Bxh6 gxh6 21. f4 Rg8 22. Qe3 Ng6 23. Kh1 Nh4 24. Nd2 h5 25. Qd3+ $1 $16 (25. gxh5 $2 Nf5 26. Qd3 Qf8 $19 )Kh8 26. f5 $1 {[%emt 0:3:7] aiming for f6.} exf5 (26... hxg4 27. f6 Rg6 (27... g3 $2 28. Rf4 $18 )28. Rf4 (28. fxe7 Qxe7 29. Rf6 Rag8 $16 ))(26... Bg5 $16 )27. gxf5 $40 {[%emt 0:0:11][%cal Bg4f5,Bf5f6][%mdl 160] Threatens to win with f6. White wants a kill.} (27. gxh5 Bg5 $11 )Bg5 {[%emt 0:1:25] [#]} 28. Qe2 ({Better is} 28. f6 $1 $18 {Ndf3 would now be deadly.} Qf8 29. Ndf3 )Rg7 $2 {[%emt 0:3:0] Black cannot hold the game after this.} (28... Qf8 $16 )29. f6 ({Inferior is} 29. Qxh5+ Rh7 30. Qe2 Qf8 $11 )Rh7 30. Ndf3 Nf5 31. Rg1 {[%emt 0:6:0] Prevents Ng3+.} (31. Nxg5 $2 {perishes.} Ng3+ (31... Nxd4 $2 {too greedy.} 32. Qd3 $18 )32. Kg2 Nxe2 $19 )Be3 {[%emt 0:3:32][%cal Oh5h4] [#]} 32. Qd3 $1 Qd7 {[%emt 0:1:55] [#]} (32... Bxg1 33. Rxg1 Nd6 34. exd6 Qxf6 )33. Ng5 $1 Bxg1 (33... Bxg5 34. Rxg5 )34. Rxg1 Rh6 {[%emt 0:1:49] [#]} 35. Qxf5 $3 {[%emt 0:0:25][%mdl 512] Weighted Error Value: White=0.08 (flawless) /Black=0.58.  Mistake:       	White=1     	Black=5      Inaccurate:     	White=2     	Black=4      OK:         	White=9     	Black=11     Best:        	White=2     	---        Strong:       	White=3     	---} 1-0

[Event "57th Biel Festival MTO 2024"]
[White "Pappier,Carlos"]
[Black "Sasikiran,Krishnan"]
[Site "Biel"]
[Round "1.6"]
[Annotator "TA"]
[Result "0-1"]
[Date "2024.07.15"]
[WhiteElo "2202"]
[BlackElo "2581"]
[PlyCount "56"]
[TimeControl "60"]

1. d4 g6 2. e4 Bg7 3. Nc3 d6 4. Nge2 a6 5. a4 Nd7 6. g3 c5 7. d5 Rb8 8. a5 {[%emt 0:4:51] White is slightly better.} Ne5 9. Ng1 {[%emt 0:5:30] Prevents Nf3+.} f5 10. f4 Nf7 11. exf5 Bxf5 12. Bd3 {[%emt 0:0:55] Black should prevent Bxf5.} Qd7 13. Na4 {[%emt 0:4:23] Threatens to win with Nb6.} Bxd3 14. Qxd3 e5 15. Nb6 Qe7 16. Ne2 Nf6 17. O-O O-O 18. Nc4 Rbe8 19. Nc3 e4 20. Qd1 Nh6 21. Ra3 Nf5 22. Ne2 ({Better is} 22. Ne3 $15 )Qf7 $17 23. Rb3 Nxd5 {[%emt 0:3:16] Hoping for ...h5.} ({Don't do} 23... Qxd5 24. Qxd5+ Nxd5 25. Rxb7 $17 )24. g4 Nb4 $1 $36 {[%emt 0:2:28][%mdl 2048] Keeping White busy. Black is more active.} 25. Nxd6 {[%emt 0:4:46][%mdl 8192] [#] This move loses the game for White.} (25. Rxb4 $17 {nothing else works.} cxb4 26. b3 )Nxd6 $19 {[%emt 0:1:8] Black is clearly winning.} 26. Qxd6 Nxc2 27. Rb6 Nd4 28. Ng3 e3 {[%emt 0:1:39] Weighted Error Value: White=0.47/Black=0.08 (flawless) .  Loses game:     	White=1     	---        Mistake:       	White=1     	---        Inaccurate:     	White=5     	Black=3      OK:         	White=4     	Black=10     Best:        	White=1     	---} 0-1

[Event "57th Biel Festival MTO 2024"]
[White "Moiseenko,Alexander"]
[Black "Ohler,Julius"]
[Site "Biel"]
[Round "1.7"]
[Annotator "TA"]
[Result "1-0"]
[Date "2024.07.15"]
[WhiteElo "2560"]
[BlackElo "2078"]
[PlyCount "159"]
[TimeControl "60"]

1. d4 Nf6 2. c4 e6 3. Nc3 d5 4. Bg5 Be7 5. e3 O-O 6. Nf3 h6 7. Bh4 b6 8. Bd3 Bb7 9. O-O Nbd7 10. Bg3 c5 11. Qe2 {[%emt 0:1:42] D58: Queen's Gambit Declined: Tartakower Defence.} cxd4 12. exd4 dxc4 13. Bxc4 Nd5 14. Nxd5 exd5 15. Bd3 Nf6 $146 ({Predecessor:} 15... Re8 16. Rfe1 Bb4 17. Qxe8+ Qxe8 18. Rxe8+ Rxe8 19. Bb5 Rd8 20. Rc1 Rc8 21. Rxc8+ Bxc8 22. Bc6 Nf6 {½-½ Disconzi da Silva,R (2345)-Sega,C BRA-ch sf Itapiruba 1997 (7)} )16. Ne5 Ne4 17. Qh5 Bd6 18. Bh4 Be7 19. Bxe7 Qxe7 20. Rac1 Rac8 21. f3 Nf6 22. Qf5 Qb4 23. Nd7 Qxd4+ 24. Kh1 Rfd8 25. Nxf6+ Qxf6 26. Qh7+ Kf8 27. Rce1 $1 g6 (27... g5 $1 $11 {keeps the balance.} )28. Qxh6+ $16 Kg8 29. f4 $1 Re8 30. Rxe8+ (30. f5 $14 Rxe1 31. Rxe1 )Rxe8 $11 31. f5 Qg7 $1 32. Qh4 gxf5 33. Rxf5 d4 $1 34. Bf1 $1 (34. Rg5 Re1+ 35. Qxe1 Qxg5 $19 )Re5 (34... Be4 $1 $11 35. Rg5 Bg6 )35. Qd8+ (35. Rf4 $16 {Threatens to win with Qd8+.} Rg5 36. Rxd4 )Kh7 $11 36. Qh4+ (36. Rf4 $2 {gets mated.} Qxg2+ 37. Bxg2 Re1+ )({White should try} 36. Rf2 $11 )Kg8 $16 37. Rf4 Rg5 38. Rxd4 Bd5 39. Qf2 ({White should play} 39. Qf4 $16 )Qe5 $1 $11 40. Rf4 Bxa2 41. h4 Rg7 42. Rd4 Bb1 43. Qd2 Rg3 44. Rd8+ Kg7 45. Qb4 Kh7 46. Qc4 Bg6 47. Rd5 Qe4 48. Qxe4 Bxe4 49. Rd7 Kg7 50. Rxa7 Rh3+ 51. Kg1 Rxh4 52. Ra4 Rg4 53. Rb4 Kf6 54. Rxb6+ Ke5 55. Rb4 f5 56. Rc4 Rg3 57. Rc3 Rg6 58. Rc5+ Kd4 59. b4 Bd5 60. Rc2 Be4 61. Rc4+ Ke3 62. Rc3+ Kd4 63. Rb3 f4 64. Kf2 Rc6 65. Rb2 Kc3 66. Re2 Bd3 {[%emt 0:0:0] [#]} (66... Rc4 $11 )67. Re1 $1 $16 Rb6 $2 (67... Bc2 $16 )68. Bxd3 $18 Kxd3 69. Kf3 Rxb4 70. Rd1+ Kc3 71. Rd6 $2 (71. Rd5 {mates} Rb2 72. Rg5 (72. Kxf4 Rxg2 73. Kf3 Kc4 $11 )Kd4 73. Kxf4 Rf2+ 74. Kg3 Rf8 75. Kh4 Ke4 76. g4 )Rb2 $2 (71... Kc4 $14 )72. Rg6 ({Not} 72. Kxf4 Rxg2 73. Ke3 Rg3+ 74. Kf2 Rd3 $11 )Kd4 73. Kxf4 Rf2+ 74. Kg3 Rf7 75. Kh4 Ke5 76. g4 Kf4 77. g5 Kf5 78. Kh5 Rh7+ 79. Rh6 Rf7 80. Rh8 1-0

[Event "57th Biel Festival MTO 2024"]
[White "Federer,Colin"]
[Black "Harsha Bharathakoti"]
[Site "Biel"]
[Round "1.8"]
[Annotator "TA"]
[Result "0-1"]
[Date "2024.07.15"]
[WhiteElo "2187"]
[BlackElo "2569"]
[PlyCount "74"]
[TimeControl "60"]

1. e4 c5 2. Nf3 Nc6 3. d4 cxd4 4. Nxd4 Qb6 5. Nb3 Nf6 6. Nc3 e6 7. Be3 Qc7 8. a3 d6 9. Be2 a6 10. O-O Be7 11. a4 b6 12. f4 O-O 13. Bf3 Rb8 14. Qe2 Nd7 15. Qc4 {[%emt 0:10:3] Nd4 is the strong threat.} Nc5 16. Nd4 Nxd4 {[%emt 0:25:0] The position is equal.} 17. Bxd4 Bd7 18. f5 b5 19. axb5 axb5 20. Qb4 Bc6 (20... Qc8 {keeps more tension.} 21. Ra7 Na6 22. Qa5 Bf6 )21. fxe6 Nxe6 {[%emt 0:1:17][%cal Od6d5] ...d5! would now be deadly.} 22. Bf2 Bf6 23. Ra7 Rb7 24. Rxb7 Qxb7 25. Nd5 {[%emt 0:3:9] Black must now prevent Nxf6+.} Be5 26. Ra1 {[%emt 0:1:29] Threatens to win with Ra7.} Kh8 ({Black should play} 26... Bxd5 $15 27. exd5 Ng5 )27. Ra7 $11 Qb8 28. Ne7 Ba8 29. Nd5 f5 30. Ra5 $2 (30. exf5 $11 {and White has nothing to worry.} Ng5 31. Ne7 (31. Be4 Nxe4 32. Qxe4 Qc8 $15 )Bxf3 (31... Nxf3+ 32. gxf3 Bf6 33. Rd7 $11 )32. gxf3 )fxe4 $19 31. Bxe4 {[%emt 0:1:9] [#]} Ng5 $1 {[%emt 0:2:18] And now ...Bc6 would win.} 32. Rxb5 $2 {[%emt 0:1:6] [#]} (32. Nf6 Nxe4 33. Rxb5 Qxb5 34. Qxb5 Nxf2 (34... Nxf6 $2 35. Bg3 $19 )(34... Bxf6 $2 35. Ba7 $19 )(34... gxf6 35. Be3 $17 )35. Kxf2 (35. Nd7 $2 Nh3+ 36. Kh1 Bc6 $19 ))Qe8 $1 {[%emt 0:0:5] Strongly threatening ...Nxe4. Black is clearly winning.} 33. Bd3 (33. Nf6 $142 Bxf6 (33... gxf6 $2 34. Bxa8 Qxa8 35. Rb7 $19 )34. Bxa8 Qxa8 35. h4 )Bxd5 34. Rxd5 Qf7 $1 35. Be3 Qxd5 36. Bxg5 Bd4+ 37. Kh1 Bc5 {[%emt 0:1:42] Weighted Error Value: White=0.84/Black=0.28 (precise) .  Loses game:     	White=1     	---        Mistake:       	White=2     	Black=1      OK:         	White=9     	Black=9      Best:        	---       	Black=2      Strong:       	---       	Black=1} 0-1

[Event "57th Biel Festival MTO 2024"]
[White "Jumabayev,Rinat"]
[Black "Kersten,Uwe"]
[Site "Biel"]
[Round "1.9"]
[Annotator "TA"]
[Result "1-0"]
[Date "2024.07.15"]
[WhiteElo "2575"]
[BlackElo "2189"]
[PlyCount "67"]
[TimeControl "60"]

1. e4 c5 2. Nf3 g6 3. d4 cxd4 4. Nxd4 Nf6 5. Nc3 d6 6. f3 Bg7 7. Be3 O-O 8. Qd2 Nc6 9. O-O-O Nxd4 10. Bxd4 Be6 11. Kb1 Qc7 12. h4 Rfc8 13. h5 Qa5 14. hxg6 fxg6 15. a3 (15. g4 Rxc3 16. Qxc3 Qxa2+ 17. Kc1 Rc8 $14 )Rab8 16. Qe3 Bf7 {[%emt 0:13:17] [#]} (16... Rc6 $16 {was necessary.} )17. Bxf6 (17. Bxa7 Rxc3 18. Qxc3 (18. bxc3 $2 Ra8 $19 )Qxa7 $19 )(17. Nb5 $1 $18 {is the precise move to win.} )Bxf6 $16 18. Nd5 Bxd5 19. Rxd5 Qc7 {[%emt 0:6:5] Black is weak on the light squares} 20. Qb3 {[%emt 0:6:2] aiming for Rc5+. Active counter play!} (20. Qxa7 $2 Qxc2+ 21. Ka2 Qxb2# )Kg7 21. f4 b5 22. g4 (22. Bxb5 a6 23. e5 dxe5 $15 )(22. Rxb5 $6 Rxb5 23. Bxb5 Rb8 $11 )e6 $2 {[%emt 0:20:16] This move loses the game for Black.} (22... h6 $16 23. Be2 (23. Bxb5 a6 $11 )(23. Rxb5 g5 $16 )a6 )23. Rd2 $18 (23. Rxb5 h6 24. Rb4 (24. Qxe6 Qxc2+ 25. Ka2 Qxb2+ 26. Rxb2 Rxb2+ 27. Ka1 Rc1# )Rxb4 25. axb4 g5 $11 )e5 $2 (23... Kf8 24. Rdh2 (24. Qxe6 Qf7 $18 )(24. Bxb5 Bxb2 25. Qxb2 Rxb5 $11 )Qf7 25. Rxh7 (25. Bxb5 a6 $18 )Bg7 )24. g5 (24. Bxb5 exf4 25. c3 Qe7 $19 )Bd8 25. fxe5 (25. Rxh7+ $142 Kxh7 26. Rh2+ Kg7 27. Qh3 Qxc2+ 28. Rxc2 Rxc2 29. Kxc2 exf4 30. Qh6+ Kf7 31. Qh7+ Ke6 32. Qxg6+ Kd7 33. Qf7+ Kc6 34. Qd5+ (34. Qxf4 Be7 $18 )(34. Qxa7 Rb7 $18 )Kc7 35. g6 (35. Bxb5 Rc8 $18 ))Bxg5 26. exd6 Qb7 27. Rd5 {[%emt 0:1:40][%cal Ob3h3] Black must now prevent Qh3!} h6 28. d7 Rf8 29. e5 (29. Qxb5 $2 {loses.} Rxf1+ 30. Rxf1 Qxb5 31. Rxb5 Rxb5 $19 )(29. Rxg5 $142 hxg5 30. Qc3+ Rf6 31. Qh3 Rxf1+ 32. Rxf1 Qxe4 33. Qc3+ Kh6 34. Re1 )a6 $2 (29... b4 30. a4 Rf5 )30. Bd3 Rbd8 31. e6 {[%emt 0:0:20][%cal Be5e6,Be6e7][%mdl 32] Hoping for Qc3+.} Be7 {[%emt 0:1:18] [#]} 32. Bxg6 $1 Kxg6 (32... Rf6 33. Bf7 )33. Rg1+ Bg5 34. e7 {[%emt 0:0:14] Weighted Error Value: White=0.77/Black=1.08.  Loses game:     	---       	Black=1      Mistake:       	White=2     	Black=2      Inaccurate:     	---       	Black=3      OK:         	White=7     	Black=1} 1-0

[Event "57th Biel Festival MTO 2024"]
[White "Kamber,Bruno"]
[Black "Gavrilescu,David"]
[Site "Biel"]
[Round "1.10"]
[Annotator "TA"]
[Result "0-1"]
[Date "2024.07.15"]
[WhiteElo "2188"]
[BlackElo "2538"]
[PlyCount "80"]
[TimeControl "60"]

1. e4 c5 2. Nc3 e6 3. Nf3 Nc6 4. Bb5 Nd4 5. O-O a6 6. Bd3 Nc6 7. Nd5 Bd6 8. Ne3 Nf6 {[%emt 0:1:4] Die Stellung ist ausgeglichen.} 9. b4 cxb4 (9... Nxb4 $6 10. e5 $16 )10. a3 bxa3 11. Nc4 Be7 12. e5 d5 (12... Nd5 $15 )13. exd6 $1 $14 ({Minderwertig wäre} 13. exf6 Bxf6 (13... dxc4 $2 14. fxe7 Nxe7 15. Bxc4 $18 )14. c3 dxc4 $17 )Bxd6 14. Nxd6+ Qxd6 15. Bxa3 Qc7 16. Re1 b6 (16... b5 $11 )17. Ng5 (17. c4 $16 )Ne5 (17... Bb7 $14 )18. Ne4 $18 Nxe4 19. Bxe4 Ra7 20. Bb2 {[%emt 0:2:7][%mdl 1024] Weiss hat starke Kompensation. Das Läuferpaar ist gut.} Kf8 (20... f6 $16 )21. Ra3 f6 22. Rc3 Qd8 23. d4 Nf7 24. Ba3+ (24. d5 $142 {[%cal Oc3c8] Rxc8! wäre nun fies.} e5 25. f4 (25. Ba3+ Kg8 $14 ))Kg8 $16 25. Qh5 (25. Qb1 {vereinfacht} g6 26. Rc6 Kg7 27. Qxb6 Rd7 28. Qxd8 Rhxd8 29. c3 )Ng5 {[%emt 0:3:25] [#]} 26. d5 $1 {[%emt 0:0:40] dxe6 ist eine echte Drohung.} g6 {[%emt 0:4:29] [#]} 27. Qe2 (27. Qh6 $1 $16 {Und dxe6 würde nun gewinnen.} Nf7 28. Qd2 )Kg7 28. dxe6 Bxe6 (28... Nxe6 $14 29. Bc6 Nd4 )29. Rd1 $2 (29. Bc6 $18 {Und jetzt h4 wäre schön.} Bf7 30. Rd3 )Rd7 $11 30. Rxd7+ Qxd7 31. Bd3 (31. h4 $11 Nxe4 32. Qxe4 )Re8 $17 32. Qf1 (32. Bxa6 $2 {zu gefräßig.} Bc4 33. Qxc4 Re1+ $19 )({Besser ist} 32. Bc1 )b5 {[%emt 0:1:30][%cal Oe6h3] Schwarz steht aktiver.} 33. Rc5 $2 {[%emt 0:0:41][%mdl 8192] Weiss ist schwach auf den weissen Feldern} (33. Qa1 $17 )Bd5 $19 {[%emt 0:1:39][%cal Od5g2] Droht ...Bxg2! und aus.} 34. c4 $2 {[%emt 0:0:18] [#]} (34. Qd1 Bc4 35. Qc1 )Bxg2 $1 {[%emt 0:0:50][%mdl 512] ( -> ...Nh3+)} 35. Qxg2 (35. Rc7 Qxc7 )Qxd3 36. Rc7+ Kh6 {[%emt 0:0:16] Schwarz setzt Matt.} 37. Bf8+ Kh5 38. Rxh7+ Nxh7 39. h3 Qd1+ 40. Kh2 Nxf8 {[%emt 0:0:20] Kein schönes Erlebnis für Weiß.   Gewichteter Fehlerwert: Weiß=0.82/Schwarz=0.22 (präzise) .  Verlustzug:     	Weiß=1     	Schwarz=1     Gewinn verpasst:   	Weiß=1     	---        Fehler:       	Weiß=6     	Schwarz=4     Ungenau:       	Weiß=1     	Schwarz=1     OK:         	Weiß=5     	Schwarz=11    Bester:       	Weiß=1     	Schwarz=4     Stark:        	Weiß=1     	---        Brilliant:      	---       	Schwarz=1} 0-1